 Dungeon Crawl Stone Soup version 0.30-a0-125-g51eefa89be (webtiles) character file.

Game seed: 16292238067452798594

100 sanka the Ruffian (level 4, -5/44 HPs)
             Began as a Troll Monk on Sept 18, 2022.
             Slain by Sigmund
             ... wielding a +0 scythe
              (10 damage)
             ... on level 3 of the Dungeon.
             The game lasted 00:02:02 (1696 turns).

sanka the Ruffian (Troll Monk)                      Turns: 1696, Time: 00:02:02

Health: -5/44      AC:  4    Str: 21    XL:     4   Next: 46%
Magic:  3/3        EV: 10    Int:  6    God:
Gold:   110        SH:  0    Dex: 12    Spells: 3/3 levels left

rFire   . . .      SeeInvis .      - Unarmed
rCold   + . .      Faith    .    (no shield)
rNeg    . . .      Spirit   .    a - +0 robe
rPois   .          Reflect  .    (helmet restricted)
rElec   .          Harm     .    (no cloak)
rCorr   .          Rampage  .    (gloves unavailable)
Will    .....                    (boots unavailable)
Stlth   +.........               (no amulet)
HPRegen 0.94/turn                (no ring)
MPRegen 0.08/turn                e - ring of protection from cold

@: confused
A: large, unfitting armour, claws 3, regeneration 1, shaggy fur 1, tough skin 1
a: no special abilities


You were on level 3 of the Dungeon.
You visited 1 branch of the dungeon, and saw 3 of its levels.

You collected 110 gold pieces.


Innate Abilities, Weirdness & Mutations

You are too large for most types of armour.
You have claws for hands.
Your natural rate of healing is unusually fast.
You are covered in fur. (AC +1)
You have tough skin. (AC +1)


   Skills:
 - Level 2.4 Fighting
 - Level 2.4 Dodging
 - Level 1.0 Stealth
 + Level 5.3 Unarmed Combat


You had 3 spell levels left.
You didn't know any spells.
Your spell library contained the following spells:

 Spells                   Type           Power      Damage    Failure   Level
 Ignite Poison            Fire/Tmut/Pois 0%         N/A       83%         3
 Mephitic Cloud           Conj/Pois/Air  0%         N/A       83%         3
 Freezing Cloud           Conj/Ice/Air   0%         6-21      100%        5

Inventory:

Armour
 a - a +0 robe (worn)
Jewellery
 e - a ring of protection from cold (right claw)
Scrolls
 c - 2 scrolls of brand weapon {unknown}
 h - 3 scrolls of identify {unknown}
 j - a scroll of teleportation {unknown}
Potions
 b - 2 potions of ambrosia
 d - 3 potions of degeneration {unknown}
 f - a potion of heal wounds {unknown}
 g - 2 potions of curing {unknown}
 i - a potion of brilliance {unknown}

Dungeon Overview and Level Annotations

Branches:
Dungeon (3/15)

Altars:

Shops:
D:2 [

Annotations:
D:3 Sigmund

.▒. ▒. ▒....▒▒.▒
...▒..... ......▒.▒
▒.......▒ ▒...▒..▒▒
.▒
.▒▒.▒.....▒▒▒▒▒.▒
.........{J<....▒▒▒
......▒▒.▒T........
.........▒.........
..▒.............▒▒▒
▒....>..........▒
......g..........▒
r...........<)...▒
.................▒
.................▒
...............


You could see a jelly.


Message History

You closely miss something.
You hear a zap.
The roots erupt in riotous growth!
The grasping roots grab you!
The jelly is unaffected.
You are constricted.
* * * LOW HITPOINT WARNING * * *
The jelly hits you but does no damage.
You hear a shout!
You hear a shout!
You scratch something but do no damage.
You hear some strange, mumbled words.
You are confused.
You are constricted.
* * * LOW HITPOINT WARNING * * *
You escape the roots grasp.
The jelly attacks as you move away! The jelly hits you but does no damage.
Something hits you!
* * * LOW HITPOINT WARNING * * *
Unknown command.
The jelly completely misses you.
Unknown command.
You claw the jelly!
Your claws burn!
* * * LOW HITPOINT WARNING * * *
The jelly is severely wounded.
The jelly barely misses you. Something hits you!
You die...

Action                   |  1- 3 |  4- 6 || total
-------------------------+-------+-------++-------
Melee: Unarmed           |    67 |    43 ||   110
       Punch             |     4 |       ||     4
 Stab: Sleeping          |     4 |     1 ||     5
Armor: Robe              |    16 |    18 ||    34
Dodge: Dodged            |    17 |    20 ||    37

Levels and vault maps discovered:
D:1:      minmay_arrival_four_loops, layout_basic
D:2:      layout_loops_ring, serial_shops, nicolae_shop_overgrown_old_shop
D:3:      layout_rooms, mainiacjoe_overflow_chevrons, makhleb_altar_promises_db,
          dilly_ecumenical_altar_fadedgnrine, hangedman_abyss_or_decor_stabs,
          uniq_grinder, uniq_terence, uniq_sigmund

Notes
Turn   | Place    | Note
-------+----------+-------------------------------------------
     0 | D:1      | sanka the Troll Monk began the quest for the Orb.
     0 | D:1      | Reached XP level 1. HP: 22/22 MP: 0/0
   173 | D:1      | Reached XP level 2. HP: 29/29 MP: 1/1
   450 | D:1      | Reached skill level 4 in Unarmed Combat
   745 | D:1      | Reached XP level 3. HP: 36/36 MP: 2/2
   918 | D:2      | Found Jasadghu's Antique Armour Shop.
  1035 | D:2      | Reached XP level 4. HP: 44/44 MP: 3/3
  1040 | D:2      | Reached skill level 5 in Unarmed Combat
  1549 | D:3      | Noticed Sigmund
  1696 | D:3      | HP: 4/44 [acid (4)]
  1696 | D:3      | Slain by Sigmund

Vanquished Creatures
  4 adders (D:2)
  3 worms
  2 dart slugs
  6 endoplasms
  3 goblins
  7 hobgoblins
  2 jackals (D:2)
  4 quokkas (D:1)
  3 ball pythons (D:1)
  4 bats
  7 frilled lizards
  4 kobolds (D:2)
  2 rats (D:1)
51 creatures vanquished.
